 Dungeon Crawl Stone Soup version 0.29.1-15-g9cfb28693d (webtiles) character file.

Game seed: 9324962078989008678

339 IndexError the Shooter (level 6, 0/39 HPs)
             Began as a Gargoyle Hunter on Mar 6, 2023.
             Killed by divine providence
             ... invoked by an orc priest
              (12 damage)
             ... on level 3 of the Dungeon.
             The game lasted 00:04:57 (2476 turns).

IndexError the Shooter (Gargoyle Hunter)            Turns: 2476, Time: 00:04:57

Health: 0/39       AC:  8    Str: 15    XL:     6   Next: 55%
Magic:  6/6        EV: 11    Int:  9    God:
Gold:   168        SH:  0    Dex: 15    Spells: 5/5 levels left

rFire   + . .      SeeInvis .   a - +1 shortbow
rCold   + . .      Faith    .   (shield currently unavailable)
rNeg    + . .      Spirit   .   c - +0 leather armour
rPois   ∞          Reflect  .   q - +0 helmet
rElec   +          Harm     .   (no cloak)
rCorr   .          Rampage  .   (no gloves)
Will    .....                   (no boots)
Stlth   ++........              (no amulet)
HPRegen 0.13/turn               e - ring of protection from cold {rC+, !d}
MPRegen 0.10/turn               n - ring of protection from fire {rF+, !d}

@: no status effects
A: sickness immunity, AC +4, negative energy resistance 1, electricity
resistance, torment resistance 1, petrification resistance
a: no special abilities


You were on level 3 of the Dungeon.
You visited 1 branch of the dungeon, and saw 3 of its levels.

You collected 168 gold pieces.

Inventory:

Hand Weapons
 a - a +1 shortbow (weapon)
Missiles
 k - 6 silver javelins
Armour
 c - a +0 leather armour (worn)
 q - a +0 helmet (worn)
   (You found it on level 2 of the Dungeon)
Magical Staves
 d - a staff of fire {rF+}
   (You found it on level 1 of the Dungeon)
Jewellery
 e - a ring of protection from cold (left hand) {rC+, !d}
   (You found it on level 1 of the Dungeon)
 n - a ring of protection from fire (right hand) {rF+, !d}
   (You found it on level 1 of the Dungeon)
Wands
 r - a wand of mindburst (13)
   (You found it on level 2 of the Dungeon)
Scrolls
 b - a scroll of immolation {!r}
 h - 2 scrolls of teleportation
 i - a scroll of fear
 m - a scroll of identify
Potions
 f - 2 potions of might {unknown}
 g - a potion of degeneration {unknown}
 j - 4 potions of heal wounds {unknown}
 l - a potion of magic {unknown}
 s - a potion of invisibility
 t - 2 potions of curing {unknown}
 u - 2 potions of brilliance {unknown}


   Skills:
 + Level 4.5 Fighting
 * Level 6.7 Ranged Weapons
 - Level 1.5 Dodging
 - Level 1.1 Stealth


You had 5 spell levels left.
You didn't know any spells.
Your spell library contained the following spells:

 Spells                   Type           Power      Damage    Failure   Level
 Static Discharge         Conj/Air       0%         3-3/arc   58%         2
 Dispel Undead            Necr           0%         3d6       99%         4
 Petrify                  Tmut/Erth      0%         N/A       99%         4
 Sticky Flame             Conj/Fire      0%         2d3       99%         4
 Metabolic Englaciation   Hex/Ice        0%         N/A       100%        5
 Statue Form              Tmut/Erth      Unusable   N/A       N/A         6

Dungeon Overview and Level Annotations

Branches:
Dungeon (3/15)

Altars:

Shops:
D:3 *


Innate Abilities, Weirdness & Mutations

You are immune to sickness and miasma.
Your stone body is resilient. (AC +4)
You are immune to poison.
You resist negative energy. (rN+)
You are resistant to electric shocks. (rElec)
You are resistant to unholy torment.
You are immune to petrification.


Message History

No target in view!
No target in view!
There is an entrance to Meacredgh's Assorted Antiques here.
There is a fountain of clear blue water here.
A hobgoblin comes into view.
Found an escape hatch in the ceiling.
You shoot an arrow. The arrow hits the hobgoblin.
No target in view!
No target in view!
No target in view!
A hobgoblin is nearby!
You shoot an arrow. The arrow closely misses the hobgoblin.
You shoot an arrow. The arrow closely misses the hobgoblin.
No target in view!
No target in view!
No target in view!
You see here a worm corpse.
You shoot an arrow. The arrow hits the hobgoblin!
No target in view!
No target in view!
There is an escape hatch in the ceiling here.
There is an escape hatch in the ceiling here.
You see here a +0 whip.
An endoplasm comes into view.
You shoot an arrow. The arrow hits the endoplasm!
No target in view!
No target in view!
No target in view!
f - 2 inky potions (gained 1)
You now have 156 gold pieces (gained 8).
t - 2 pink potions (gained 1)
A bat comes into view.
You shoot an arrow. The arrow hits the bat!
No target in view!
No target in view!
No target in view!
Found a stone staircase leading down.
No target in view!
No target in view!
k - 6 silver javelins
h - 2 scrolls of teleportation (gained 1)
You pick up a book of Touch and begin reading...
You add the spells Static Discharge, Sticky Flame and Dispel Undead to your library.
You now have 161 gold pieces (gained 5).
You now have 168 gold pieces (gained 7).
A bat comes into view.
You shoot an arrow. The arrow hits the bat!
No target in view!
No target in view!
m - a scroll of identify
j - 4 black potions (gained 2)
You see here a +0 leather armour.
A goblin comes into view. It is wielding a +0 dagger.
A goblin is nearby!
You shoot an arrow. The arrow hits the goblin.
You shoot an arrow. The arrow hits the goblin!
No target in view!
No target in view!
A hobgoblin comes into view.
You see here a bubbling yellow potion.
A hobgoblin is nearby!
You shoot an arrow. The arrow hits the hobgoblin.
The hobgoblin shouts!
You shoot an arrow. The arrow hits the hobgoblin!
No target in view!
No target in view!
u - 2 bubbling yellow potions (gained 1)
You see here a bat corpse.
You see here a bat corpse.
Found an escape hatch in the floor.
A goblin comes into view. It is wielding a +0 club.
A goblin is nearby!
You shoot an arrow. The goblin shouts!
The arrow hits the goblin!
You hear a shout!
An orc wizard comes into view. It is wielding a +0 flail.
You shoot an arrow. The arrow barely misses the orc wizard.
The orc wizard shouts!
You shoot an arrow. The arrow hits the orc wizard!
An orc priest comes into view. It is wielding a +0 trident.
You shoot an arrow.
The arrow hits the orc wizard but does no damage.
A giant cockroach comes into view.
The orc wizard gestures at you while chanting.
The magic dart hits you!
An orc comes into view. It is wielding a +0 flail.
An orc comes into view. It is wielding a +0 hand axe.
You shoot an arrow. The orc shouts!
The arrow hits the orc wizard!
You take 12 damage, and have 27/39 hp.
MASSIVE DAMAGE!!
You shoot an arrow.
The arrow hits the giant cockroach but does no damage.
The orc priest calls down the wrath of Beogh upon you.
Beogh smites you!
You take 15 damage, and have 12/39 hp.
MASSIVE DAMAGE!!
The orc priest mumbles some strange prayers to Beogh against you.
Beogh smites you!
You die...

#.........#
#..o..)...#
#....)....#
#....o.o..##
#...B......##
#)..........#
#...........###
#.............
#...@.......##.####
#..................##
#.>........## .......
#..........# #...
#######.#### #.<. #.#
###. #.# #... #.###
##.## #...### #..#


You could see an orc priest, 2 orcs and a giant cockroach.

Vanquished Creatures
  Sigmund (D:2)
  2 orc wizards
  3 gnolls (D:2)
  3 adders (D:2)
  A worm (D:3)
  2 orcs
  11 ball pythons
  6 bats
  3 endoplasms
  3 giant cockroaches
  7 goblins
  7 hobgoblins
  8 jackals
  3 kobolds
  5 quokkas
  3 frilled lizards
  7 rats
75 creatures vanquished.

Notes
Turn   | Place    | Note
-------+----------+-------------------------------------------
     0 | D:1      | IndexError the Gargoyle Hunter began the quest for the Orb.
     0 | D:1      | Reached XP level 1. HP: 12/12 MP: 1/1
   150 | D:1      | Reached XP level 2. HP: 18/18 MP: 2/2
   814 | D:1      | Reached XP level 3. HP: 22/22 MP: 3/3
   846 | D:1      | Found a faded altar of an unknown god.
  1092 | D:2      | Reached skill level 3 in Fighting
  1092 | D:2      | Reached skill level 5 in Ranged Weapons
  1102 | D:2      | Reached XP level 4. HP: 12/28 MP: 4/4
  1442 | D:2      | Noticed Sigmund
  1456 | D:2      | Killed Sigmund
  1457 | D:2      | Reached skill level 4 in Fighting
  1457 | D:2      | Reached skill level 6 in Ranged Weapons
  1457 | D:2      | Reached XP level 5. HP: 27/33 MP: 5/5
  1457 | D:2      | Reached XP level 6. HP: 31/38 MP: 6/6
  2088 | D:3      | Found Meacredgh's Assorted Antiques.
  2476 | D:3      | Killed from afar by an orc priest

Illustrated notes

Levels and vault maps discovered:
D:1:      saegor_arrival_simple_b, layout_basic,
          chequers_ecumenical_altar_grove, serial_park_tiny_pond
D:2:      wad_river_or_something, layout_basic, uniq_sigmund
D:3:      layout_rooms, serial_shops, shop_coins, shop_fountains,
          nicolae_diamond_shop, nicolae_shop_trees, shop, st_stairs_6

Skill      XL: |  1  2  3  4 |
---------------+-------------+-----
Fighting       | 3 4 |  4.5
Ranged Weapons | 5 6 |  6.7
Dodging        | |  1.5
Stealth        | |  1.1

Action                   |  1- 3 |  4- 6 || total
-------------------------+-------+-------++-------
 Fire: Shortbow          |    88 |   126 ||   214
  Use: Scroll            |       |     6 ||     6
Armor: Leather armour    |    14 |    29 ||    43
Dodge: Dodged            |    20 |    44 ||    64

Table legend: (Time is in decaauts)
 A = Elapsed time spent in this place.
 B = Non-inter-level travel time spent in this place.
 C = Inter-level travel time spent in this place.
 D = Time resting spent in this place.
 E = Time spent auto-exploring this place.
 F = Levels seen in this place.
 G = Mean time per level.
                   A        B        C        D        E       F      G
               +--------+--------+--------+--------+--------+-----+--------+
         Total |   2536 |   2322 |    214 |      0 |   1885 |   3 |  845.3 |
       Dungeon |   2536 |   2322 |    214 |      0 |   1885 |   3 |  845.3 |
               +--------+--------+--------+--------+--------+-----+--------+

Top non-repeatable levels by time:
     D:1: 1177 daAuts
     D:2: 1068 daAuts
     D:3: 291 daAuts

Table legend:
 A = Kills in this place as a percentage of kills in entire the game.
 B = Kills by you in this place as a percentage of kills by you in the entire game.
 C = Kills by friends in this place as a percentage of kills by friends in the entire game.
 D = Other kills in this place as a percentage of other kills in the entire game.
 E = Experience gained in this place as a percentage of experience gained in the entire game.
 F = Experience gained in this place divided by the number of levels of this place that you have seen.
                   A       B       C       D       E      F
               +-------+-------+-------+-------+-------+----------------------
         Total | 100.0 | 100.0 |   N/A |   N/A | 100.0 | 161.7
       Dungeon | 100.0 | 100.0 |   N/A |   N/A | 100.0 | 161.7
               +-------+-------+-------+-------+-------+----------------------
